 Dungeon Crawl Stone Soup version 0.23.0-3-gf3c87f2 (webtiles) character file.

Game seed: 1835912880774775830

501 vishdafish the Shield-Bearer (level 7, 0/59 HPs)
             Began as a Gnoll Fighter on Feb 24, 2019.
             Killed themself with a badly aimed iceblast (13 damage)
             ... on level 5 of the Dungeon.
             The game lasted 00:03:39 (3139 turns).

vishdafish the Shield-Bearer (Gnoll Fighter)        Turns: 3139, Time: 00:03:40

Health: 0/59       AC:  7    Str: 19    XL:     7   Next: 17%
Magic:  10/10      EV:  9    Int: 11    God:
Gold:   174        SH: 11    Dex: 15    Spells: 10/10 levels left

rFire    . . .     SeeInvis .   a - +0 long sword
rCold    . . .     Gourm    .   c - +0 shield
rNeg     . . .     Faith    .   b - +0 scale mail
rPois    .         Spirit   .   (no helmet)
rElec    .         Reflect  .   (no cloak)
rCorr    .         Harm     .   (no gloves)
MR       .....                  (no boots)
Stlth    +.........             (no amulet)
HPRegen  0.19/turn              (no ring)
MPRegen  0.12/turn              (no ring)

@: no status effects
A: distributed training, fangs 1, strong nose
a: no special abilities


You were on level 5 of the Dungeon.
You were very hungry.

You visited 1 branch of the dungeon, and saw 5 of its levels.

You collected 174 gold pieces.

Inventory:

Hand Weapons
 a - a +0 long sword (weapon)
Missiles
 k - 8 curare-tipped needles
Armour
 b - a +0 scale mail (worn)
 c - a +0 shield (worn)
Jewellery
 e - an uncursed ring of poison resistance {unknown}
Wands
 m - a wand of random effects (15)
 u - a wand of polymorph (8)
Scrolls
 h - 4 scrolls of teleportation {unknown}
 l - 2 scrolls of amnesia {unknown}
 r - 2 scrolls of enchant armour {unknown}
 s - a scroll of enchant weapon {unknown}
 t - 3 scrolls of fear {unknown}
 w - a scroll of identify {unknown}
Potions
 d - a potion of might
 g - a potion of agility {unknown}
 i - a potion of invisibility {unknown}
 j - a potion of magic {unknown}
 n - 2 potions of heal wounds {unknown}
 o - a potion of cancellation {unknown}
 p - a potion of flight {unknown}
 q - 3 potions of brilliance {unknown}
 v - a potion of curing
Comestibles
 f - 5 rations


   Skills:
 + Level 6.9 Fighting
 + Level 2.2 Short Blades
 + Level 5.1 Long Blades
 + Level 2.2 Axes
 + Level 2.2 Maces & Flails
 + Level 2.2 Polearms
 + Level 2.2 Staves
 + Level 2.2 Slings
 + Level 2.2 Bows
 + Level 2.2 Crossbows
 + Level 2.2 Throwing
 + Level 6.9 Armour
 + Level 2.2 Dodging
 + Level 2.2 Stealth
 + Level 6.9 Shields
 + Level 2.2 Unarmed Combat
 + Level 2.2 Spellcasting
 + Level 1.8 Conjurations
 + Level 1.8 Hexes
 + Level 1.8 Charms
 + Level 1.8 Summonings
 + Level 1.8 Necromancy
 + Level 1.8 Translocations
 + Level 1.8 Transmutations
 + Level 1.8 Fire Magic
 + Level 1.8 Ice Magic
 + Level 1.8 Air Magic
 + Level 1.8 Earth Magic
 + Level 1.8 Poison Magic
 + Level 2.5 Invocations
 + Level 2.2 Evocations


You had 10 spell levels left.
You didn't know any spells.
Your spell library was empty.

Dungeon Overview and Level Annotations

Branches:
Dungeon (5/15)
 Temple: D:4-7

Altars:
Elyvilon
Wu Jian


Innate Abilities, Weirdness & Mutations

Your experience applies equally to all skills.
You have very sharp teeth.
Your uncanny sense of smell can sniff out nearby items.


Message History

The ice beast is almost dead.
The ice beast hits you. The ice beast freezes you!
* * * LOW HITPOINT WARNING * * *
Evoke which item? (* to show all) (? for menu, Esc to quit)
Aiming: Random Effects
Press: ? - help, Shift-Dir - straight line, f - ice beast
Aim: an ice beast (almost dead)
The puff of frost hits the ice beast.
The ice beast completely resists.
The ice beast is almost dead.
The ice beast hits you but does no damage.
Evoke which item? (* to show all) (? for menu, Esc to quit)
Aiming: Random Effects
Press: ? - help, Shift-Dir - straight line, f/p - ice beast
Aim: an ice beast (almost dead)
The mass of ice explodes!
The iceblast engulfs the ice beast!
The ice beast partially resists.
You kill the ice beast!
You have reached level 7!
The iceblast engulfs you!
You die...

#.# ∆ #..##.#
#.
#..##.########
∆
#..........(..
##......######
#..#.#.#
#......####
#..#.#....#
#$.....####
#?.#@###
#..#.# #..#.#
#..#.# #.....
∆#.# ..# .##


There were no monsters in sight!

Vanquished Creatures
  An ice beast (D:5)
  An ogre (D:4)
  A scorpion (D:4)
  An orc priest (D:3)
  A hound (D:5)
  An iguana (D:4)
  A worker ant (D:4)
  2 adders
  A howler monkey skeleton (D:4)
  3 oozes
  2 dart slugs
  6 worms
  A leopard gecko (D:3)
  6 orcs
  3 giant cockroaches
  5 goblins
  11 hobgoblins
  21 jackals
  4 kobolds
  A quokka (D:3)
  3 ball pythons
  7 bats
  7 frilled lizards
  A quokka skeleton (D:4)
  5 rats
96 creatures vanquished.

Notes
Turn   | Place    | Note
-------+----------+-------------------------------------------
     0 | D:1      | vishdafish the Gnoll Fighter began the quest for the Orb.
     0 | D:1      | Reached XP level 1. HP: 23/23 MP: 1/1
   150 | D:1      | Reached XP level 2. HP: 29/29 MP: 2/2
   220 | D:1      | Reached XP level 3. HP: 25/35 MP: 3/3
   905 | D:2      | Reached skill level 1 in Invocations
  1068 | D:2      | Reached skill level 1 in Short Blades
  1068 | D:2      | Reached skill level 1 in Axes
  1068 | D:2      | Reached skill level 1 in Maces & Flails
  1068 | D:2      | Reached skill level 1 in Polearms
  1068 | D:2      | Reached skill level 1 in Staves
  1068 | D:2      | Reached skill level 1 in Slings
  1068 | D:2      | Reached skill level 1 in Bows
  1068 | D:2      | Reached skill level 1 in Crossbows
  1068 | D:2      | Reached skill level 1 in Throwing
  1068 | D:2      | Reached skill level 1 in Dodging
  1068 | D:2      | Reached skill level 1 in Stealth
  1068 | D:2      | Reached skill level 1 in Unarmed Combat
  1068 | D:2      | Reached skill level 1 in Spellcasting
  1068 | D:2      | Reached skill level 1 in Evocations
  1097 | D:2      | Reached XP level 4. HP: 33/41 MP: 5/5
  1454 | D:3      | Found an ornate altar of the Wu Jian Council.
  1717 | D:3      | Reached skill level 1 in Conjurations
  1717 | D:3      | Reached skill level 1 in Hexes
  1717 | D:3      | Reached skill level 1 in Charms
  1717 | D:3      | Reached skill level 1 in Summonings
  1717 | D:3      | Reached skill level 1 in Necromancy
  1717 | D:3      | Reached skill level 1 in Translocations
  1717 | D:3      | Reached skill level 1 in Transmutations
  1717 | D:3      | Reached skill level 1 in Fire Magic
  1717 | D:3      | Reached skill level 1 in Ice Magic
  1717 | D:3      | Reached skill level 1 in Air Magic
  1717 | D:3      | Reached skill level 1 in Earth Magic
  1717 | D:3      | Reached skill level 1 in Poison Magic
  1803 | D:3      | Found a white marble altar of Elyvilon.
  1832 | D:3      | Reached XP level 5. HP: 43/47 MP: 6/6
  2244 | D:3      | HP: 2/47 [orc priest/divine providence (11)]
  2694 | D:4      | Noticed an ogre
  2705 | D:4      | Killed an ogre
  2705 | D:4      | Reached XP level 6. HP: 53/53 MP: 8/8
  3018 | D:4      | Reached skill level 5 in Long Blades
  3090 | D:5      | Entered Level 5 of the Dungeon
  3127 | D:5      | Noticed an ice beast
  3139 | D:5      | Killed an ice beast
  3139 | D:5      | Reached XP level 7. HP: 13/59 MP: 10/10
  3139 | D:5      | Killed themself with a badly aimed iceblast

Skill      XL: |  1  2  3  4  5  6 |
---------------+-------------------+-----
Invocations    | 1 2 |  2.5
Short Blades   | 1 2 |  2.2
Axes           | 1 2 |  2.2
Maces & Flails | 1 2 |  2.2
Polearms       | 1 2 |  2.2
Staves         | 1 2 |  2.2
Slings         | 1 2 |  2.2
Bows           | 1 2 |  2.2
Crossbows      | 1 2 |  2.2
Throwing       | 1 2 |  2.2
Dodging        | 1 2 |  2.2
Stealth        | 1 2 |  2.2
Unarmed Combat | 1 2 |  2.2
Spellcasting   | 1 2 |  2.2
Evocations     | 1 2 |  2.2
Conjurations   | 1 |  1.8
Hexes          | 1 |  1.8
Charms         | 1 |  1.8
Summonings     | 1 |  1.8
Necromancy     | 1 |  1.8
Translocations | 1 |  1.8
Transmutations | 1 |  1.8
Fire Magic     | 1 |  1.8
Ice Magic      | 1 |  1.8
Air Magic      | 1 |  1.8
Earth Magic    | 1 |  1.8
Poison Magic   | 1 |  1.8
Long Blades    | 5 |  5.1
Fighting       | |  6.9
Armour         | |  6.9
Shields        | |  6.9

Action                   |  1- 3 |  4- 6 |  7- 9 || total
-------------------------+-------+-------+-------++-------
Melee: Long sword        |    95 |   193 |       ||   288
       Bite              |     6 |    32 |       ||    38
Evoke: Wand              |       |     5 |       ||     5
  Use: Potion            |       |     3 |       ||     3
  Eat: Chunk             |       |     3 |       ||     3
       Ration            |       |     1 |       ||     1
Armor: Scale mail        |    36 |    69 |       ||   105
Dodge: Dodged            |    22 |    57 |       ||    79
Block: Shield            |    46 |   120 |       ||   166
       Rpst.: Long sword |    10 |    25 |       ||    35
